 Dungeon Crawl Stone Soup version 0.28.0-43-g3370ac3207 (webtiles) character file.

Game seed: 6952297023371747664

13761 Jenx the Cleaver (level 11, 0/101 HPs)
             Began as a Minotaur Berserker on Mar 1, 2022.
             Was a High Priest of Trog.
             Slain by a meliai
             ... wielding a +0 war axe
              (8 damage)
             ... on level 10 of the Dungeon.
             The game lasted 00:24:22 (9481 turns).

Jenx the Cleaver (Minotaur Berserker)               Turns: 9481, Time: 00:24:25

Health: 0/101      AC: 19    Str: 23    XL:     11   Next: 79%
Magic:  10/10      EV: 10    Int:  6    God:    Trog [*****.]
Gold:   587        SH:  0    Dex: 11    Spells: 10/10 levels left

rFire   . . .      SeeInvis +   a - +0 broad axe
rCold   . . .      Faith    .   f - orb {light}
rNeg    . . .      Spirit   .   F - +0 plate armour
rPois   .          Reflect  .   (helmet restricted)
rElec   .          Harm     .   b - +0 cloak
rCorr   .          Rampage  .   (no gloves)
Will    ++...                   c - +2 pair of boots
Stlth   ..........              (no amulet)
HPRegen 1.26/turn               x - ring of see invisible
MPRegen 0.12/turn               (no ring)

@: strong-willed, regenerating, glowing
A: horns 2, retaliatory headbutt
a: Renounce Religion, Berserk, Trog's Hand, Brothers in Arms


You were on level 10 of the Dungeon.
You worshipped Trog.
Trog was extremely pleased with you.
You visited 2 branches of the dungeon, and saw 11 of its levels.
You also visited: Sewer, Ossuary and Bailey.

You collected 701 gold pieces.
You spent 114 gold pieces at shops.

Inventory:

Hand Weapons
 a - a +0 broad axe (weapon)
 u - a +1 whip of freezing
Missiles
 w - 3 curare-tipped darts (quivered)
Armour
 b - a +0 cloak (worn)
 c - a +2 pair of boots (worn)
 f - an orb of light (worn)
 p - a scarf of resistance
 F - a +0 plate armour (worn)
Jewellery
 e - a ring of protection from cold
 x - a ring of see invisible (left hand)
Wands
 i - a wand of paralysis (4)
 m - a wand of mindburst (3)
 r - a wand of iceblast (4)
 G - a wand of digging (6)
Scrolls
 d - 3 scrolls of enchant weapon {unknown}
 g - 4 scrolls of vulnerability {unknown}
 j - 5 scrolls of enchant armour
 k - a scroll of holy word {unknown}
 q - 3 scrolls of amnesia {unknown}
 t - 4 scrolls of teleportation {unknown}
 y - 3 scrolls of magic mapping
 B - a scroll of fog {unknown}
 E - a scroll of fear {unknown}
 H - a scroll of acquirement {unknown}
 I - a scroll of silence {unknown}
Potions
 h - 2 potions of resistance
 l - 11 potions of curing
 n - 3 potions of heal wounds
 o - a potion of cancellation {unknown}
 s - 3 potions of magic
 v - a potion of haste {unknown}
 z - 2 potions of mutation {unknown}
 A - 2 potions of degeneration {unknown}
 C - a potion of berserk rage {unknown}
 D - 2 potions of invisibility {unknown}


   Skills:
 + Level 10.9 Fighting
 * Level 14.7 Axes
 + Level 10.5 Armour
 + Level 9.6 Dodging
 + Level 1.7 Evocations


You had 10 spell levels left.
You didn't know any spells.
Your spell library was empty.

Dungeon Overview and Level Annotations

Branches:
Dungeon (10/15)            Temple (1/1) D:6            Lair (0/6) D:10
    Orc (0/2) D:9           Sewer (visited)         Ossuary (visited)
 Bailey (visited)

Altars:
Ru

Shops:
D:5 ?


Innate Abilities, Weirdness & Mutations

You have a pair of horns on your head.
You reflexively headbutt those who attack you in melee.


Message History

The meliai barely misses you. x2; The meliai closely misses you.
The meliai stings you but does no damage.
You barely miss the meliai. You headbutt the meliai.
The meliai is moderately wounded.
You slash the meliai! You slice the meliai!!
You kill the meliai!
Trog accepts your kill. The meliai hits you but does no damage.
The meliai stings you but does no damage.
The meliai calls upon its god to heal the meliai.
The meliai's wounds heal themselves!
The meliai hits you but does no damage.
The meliai stings you but does no damage.
The meliai hits you with a +0 war axe.
* * * LOW HITPOINT WARNING * * *
The meliai stings you but does no damage.
You barely miss the meliai. You hit the meliai but do no damage.
The meliai hits you with a +0 hand axe.
* * * LOW HITPOINT WARNING * * *
The meliai closely misses you. The meliai hits you but does no damage.
The meliai stings you.
* * * LOW HITPOINT WARNING * * *
You completely miss the meliai. You headbutt the meliai!
The meliai is heavily wounded.
You completely miss the meliai. The meliai misses you. The meliai stings you.
* * * LOW HITPOINT WARNING * * *
The meliai hits you with a +0 war axe.
* * * LOW HITPOINT WARNING * * *
The meliai stings you but does no damage.
The meliai hits you with a +0 hand axe!
* * * LOW HITPOINT WARNING * * *
The meliai stings you but does no damage.
The meliai closely misses you. The meliai completely misses you.
You slash the meliai! You headbutt the meliai.
The meliai is heavily wounded.
You closely miss the meliai. The meliai hits you but does no damage.
The meliai barely misses you. The meliai misses you.
The meliai stings you but does no damage.
The meliai misses you. The meliai barely misses you.
The meliai hits you with a +0 war axe!
You die...

........# #> ...#.
.......### ....
..........## #...
###......##..##
#...####....#...#...##
#........###..###..##
........#.#..##.....
#)yy........##.....
#@..........).....
#.<.........#..... ..
#.......>...#.....
..####..........##.....
......................#
..............#.......#
..............##.......
...............#.......
#.............#.......


You could see 2 meliai.

Vanquished Creatures
  A vault guard (Bailey)
  An ogre mage (D:9)
  2 two-headed ogres
  A glowing orange brain (D:9)
  An ugly thing (D:9)
  Joseph (D:8)
  A black mamba (shapeshifter) (D:9)
  A gargoyle (D:8)
  A meliai (shapeshifter) (D:9)
  A meliai (D:10)
  Prince Ribbit (Bailey)
  A wraith (D:9)
  3 humans (Bailey)
  12 yaks
  A sky beast (D:5)
  Pargi (D:3)
  3 orc warriors
  A water moccasin (D:7)
  An ice beast (D:5)
  A black bear (D:6)
  A necrophage (D:7)
  An ogre (D:5)
  A centaur (D:9)
  3 phantoms
  10 kobold brigands
  4 elf zombies (Ossuary)
  15 bullfrogs
  2 scorpions
  A gnoll sergeant (D:6)
  12 wights
  2 electric eels (D:7)
  6 howler monkeys
  A bullfrog zombie (D:7)
  8 centaur zombies
  A jelly (D:8)
  An orc priest (D:6)
  A gnoll shaman (D:6)
  A hound (D:5)
  A bullfrog skeleton (D:5)
  A human zombie (Ossuary)
  5 iguanas
  4 orc wizards
  2 hound zombies (Ossuary)
  3 mummies (Ossuary)
  18 gnolls
  8 adders
  A river rat (Sewer)
  A white imp (D:5)
  2 ufetubi
  4 adder zombies (Ossuary)
  An adder skeleton (D:4)
  6 worms
  24 orcs
  11 endoplasms
  3 giant cockroaches
  6 goblins
  11 hobgoblins
  9 jackals
  4 quokkas
  6 ball pythons
  4 bats
  A frilled lizard (D:1)
  2 gnoll zombies (Ossuary)
  3 goblin zombies (Ossuary)
  2 hobgoblin zombies (Ossuary)
  5 jackal zombies (Ossuary)
  25 kobolds
  2 kobold zombies (Ossuary)
  An orc zombie (Ossuary)
  3 quokka zombies (Ossuary)
  14 rats
  2 rat zombies (Ossuary)
302 creatures vanquished.

Vanquished Creatures (collateral kills)
  A vault guard (Bailey)
  A deep elf knight (D:9)
2 creatures vanquished.

Vanquished Creatures (others)
  A bullfrog (D:7)
  19 plants (D:7)
20 creatures vanquished.

Grand Total: 324 creatures vanquished

Notes
Turn   | Place    | Note
-------+----------+-------------------------------------------
     0 | D:1      | Jenx the Minotaur Berserker began the quest for the Orb.
     0 | D:1      | Reached XP level 1. HP: 19/19 MP: 0/0
   147 | D:1      | Reached XP level 2. HP: 25/27 MP: 1/1
   151 | D:1      | Reached skill level 4 in Axes
   455 | D:1      | Reached ** piety under Trog
   505 | D:1      | Reached XP level 3. HP: 26/33 MP: 2/2
  1667 | D:3      | Reached XP level 4. HP: 35/40 MP: 3/3
  1816 | D:3      | Noticed Pargi
  1834 | D:3      | Killed Pargi
  1835 | D:3      | Reached skill level 5 in Axes
  1835 | D:3      | Reached XP level 5. HP: 13/47 MP: 4/4
  2372 | D:4      | Found a glowing drain.
  2406 | Sewer    | Entered a sewer
  2437 | Sewer    | Reached skill level 5 in Fighting
  2437 | Sewer    | Reached skill level 6 in Axes
  2437 | Sewer    | Reached XP level 6. HP: 31/56 MP: 5/5
  2698 | Sewer    | Reached XP level 7. HP: 49/61 MP: 6/6
  3108 | Sewer    | Reached skill level 7 in Axes
  3351 | Sewer    | Reached *** piety under Trog
  3352 | Sewer    | Reached skill level 5 in Armour
  3994 | D:5      | Entered Level 5 of the Dungeon
  4018 | D:5      | Reached XP level 8. HP: 58/70 MP: 7/7
  4027 | D:5      | Reached skill level 8 in Axes
  4027 | D:5      | Reached skill level 5 in Dodging
  4462 | D:5      | Found Icyurrod's Magic Scroll Boutique.
  4470 | D:5      | Bought 3 scrolls of identify for 72 gold pieces
  4470 | D:5      | Bought a scroll of magic mapping for 42 gold pieces
  5001 | D:6      | Reached skill level 9 in Axes
  5004 | D:6      | Identified the +2 robe of the Gloaming {Int+2}
  5193 | D:6      | Found a sacrificial altar of Ru.
  5400 | D:6      | Found a staircase to the Ecumenical Temple.
  5409 | Temple   | Entered the Ecumenical Temple
  5424 | D:6      | Reached **** piety under Trog
  5451 | D:6      | Reached XP level 9. HP: 33/79 MP: 8/8
  6177 | D:7      | Reached skill level 10 in Axes
  6938 | D:8      | Reached skill level 11 in Axes
  6949 | D:8      | Noticed Joseph
  6966 | D:8      | Killed Joseph
  6992 | D:8      | Found a flagged portal.
  7003 | Bailey   | Entered a bailey
  7151 | Bailey   | Reached XP level 10. HP: 69/90 MP: 9/9
  7163 | Bailey   | Reached ***** piety under Trog
  7261 | Bailey   | Noticed a vault guard
  7302 | Bailey   | Killed a vault guard
  7303 | Bailey   | Reached skill level 12 in Axes
  7344 | Bailey   | Noticed Prince Ribbit
  7344 | Bailey   | Noticed a vault guard
  7356 | Bailey   | Killed a vault guard
  7363 | Bailey   | Killed Prince Ribbit
  7396 | D:8      | Noticed a gargoyle
  7404 | D:8      | Killed a gargoyle
  7446 | D:8      | Found a sand-covered staircase.
  7456 | Ossuary  | Entered an ossuary
  7653 | Ossuary  | Reached skill level 13 in Axes
  8062 | D:9      | Found a staircase to the Orcish Mines.
  8434 | D:9      | Found a runed translucent door.
  8436 | D:9      | Noticed an ogre mage
  8442 | D:9      | Killed an ogre mage
  8443 | D:9      | Reached skill level 10 in Fighting
  8443 | D:9      | Reached XP level 11. HP: 82/99 MP: 10/10
  8460 | D:9      | Noticed a red ugly thing
  8477 | D:9      | Killed a red ugly thing
  8483 | D:9      | Noticed a deep elf knight
  8483 | D:9      | Noticed a glowing orange brain
  8493 | D:9      | Killed a deep elf knight
  8495 | D:9      | Killed a glowing orange brain
  8797 | D:9      | Reached skill level 10 in Armour
  8803 | D:9      | Reached skill level 14 in Axes
  9113 | D:9      | Noticed a two-headed ogre
  9136 | D:9      | Killed a two-headed ogre
  9372 | D:10     | Entered Level 10 of the Dungeon
  9398 | D:10     | Noticed a two-headed ogre
  9411 | D:10     | Killed a two-headed ogre
  9412 | D:10     | Reached skill level 1 in Evocations
  9448 | D:10     | Found a staircase to the Lair.
  9481 | D:10     | Slain by a meliai

Illustrated notes

Levels and vault maps discovered:
D:1:      dpeg_arrival_boxes_within_box, layout_rooms
D:2:      layout_loops_cross
D:3:      layout_basic, uniq_pargi
D:4:      layout_basic, cheibrodos_sewer_entry_bend
D:5:      layout_cave_pods, serial_shops, shop, amcnicky_mini_pool_medium
D:6:      layout_cave_pools, mainiacjoe_overflow_24_doors,
          minmay_temple_entry_slanted, hangedman_abyss_or_decor_passed,
          nicolae_underground_beach
D:7:      layout_loops_ring, serial_bayou, serial_bayou_pond_c,
          serial_bayou_pond_b, serial_bayou_pond_d, serial_bayou_crossing
D:8:      layout_cave_pools, enter_bailey_4, nicolae_ossuary_entry_ruins,
          minmay_misc_feat_roman, minmay_misc_feat_secret_circle, uniq_joseph
D:9:      layout_loops_corners, david_orc_2, minivault_13
D:10:     layout_cave_pools, lair_entry_dummy, serial_glass, glass_columns_b,
          glass_columns_b, minivault_10
Temple:   mainiacjoe_temple_trianglar_array

Skill      XL: |  1  2  3  4  5  6  7  8  9 10 11 |
---------------+----------------------------------+-----
Axes           | 4 5 6 7 9 11 13 14 | 14.7
Fighting       | 4 5 6 7 8 10 | 10.9
Armour         | 3 4 5 6 8 9 10 | 10.5
Dodging        | 3 4 6 7 8 9 |  9.6
Evocations     | 1 |  1.7

Action                   |  1- 3 |  4- 6 |  7- 9 | 10-12 || total
-------------------------+-------+-------+-------+-------++-------
Melee: Hand axe          |    75 |    80 |   206 |       ||   361
       Headbutt          |     4 |    19 |    89 |    78 ||   190
       War axe           |       |       |   103 |    29 ||   132
       Broad axe         |       |       |       |   234 ||   234
Throw: Javelin           |     8 |    14 |       |       ||    22
       Dart              |       |       |     2 |     3 ||     5
Invok: Trog's Hand       |       |     4 |     5 |     4 ||    13
       Brothers in Arms  |       |       |       |     3 ||     3
Evoke: Wand              |       |       |       |     2 ||     2
  Use: Scroll            |       |       |    10 |     1 ||    11
       Potion            |       |       |     1 |     4 ||     5
Armor: Animal skin       |    11 |       |       |       ||    11
       Ring mail         |    10 |       |       |       ||    10
       Chain mail        |    22 |    52 |   139 |    17 ||   230
       Plate armour      |       |       |       |   127 ||   127
Dodge: Dodged            |    46 |    39 |   139 |   117 ||   341
